 Dungeon Crawl Stone Soup version 0.26-a0-812-g31a745ddcd (webtiles) character file.

Game seed: 15275656836207698894

37 vurker the Sneak (level 3, -2/25 HPs)
             Began as a Gnoll Enchanter on Dec 3, 2020.
             Slain by an adder (5 damage)
             ... on level 2 of the Dungeon.
             The game lasted 00:01:06 (1231 turns).

vurker the Sneak (Gnoll Enchanter)                  Turns: 1231, Time: 00:01:07

Health: -2/25      AC:  2    Str: 10    XL:     3   Next: 41%
Magic:  9/9        EV: 14    Int: 18    God:
Gold:   77         SH:  0    Dex: 15    Spells: 11/12 levels left

rFire    + . .     SeeInvis .   a - +1 dagger
rCold    + . .     Faith    .   (no shield)
rNeg     . . .     Spirit   .   b - +0 robe
rPois    +         Reflect  .   (no helmet)
rElec    +         Harm     .   (no cloak)
rCorr    +         Rampage  .   (no gloves)
MR       .....                  (no boots)
Stlth    +++.......             (no amulet)
HPRegen  0.08/turn              (no ring)
MPRegen  0.11/turn              (no ring)

@: lethally poisoned (-2 -> -12), resistant, attractive, flying
A: distributed training, fangs 1, strong nose
a: no special abilities


You were on level 2 of the Dungeon.
You visited 1 branch of the dungeon, and saw 2 of its levels.

You collected 77 gold pieces.

Inventory:

Hand Weapons
 a - a +1 dagger (weapon)
Armour
 b - a +0 robe (worn)
Jewellery
 g - an uncursed ring of ice
   (You found it on level 1 of the Dungeon)
Scrolls
 c - 2 scrolls of magic mapping {unknown}
 e - 3 scrolls of identify {unknown}
 f - a scroll of remove curse {unknown}
 h - a scroll of enchant armour {unknown}


   Skills:
 + Level 0.8 Fighting
 + Level 2.6 Short Blades
 + Level 0.8 Long Blades
 + Level 0.8 Axes
 + Level 0.8 Maces & Flails
 + Level 0.8 Polearms
 + Level 0.8 Staves
 + Level 0.8 Slings
 + Level 0.8 Bows
 + Level 0.8 Crossbows
 + Level 0.8 Throwing
 + Level 0.8 Armour
 + Level 4.5 Dodging
 + Level 6.0 Stealth
 + Level 0.8 Shields
 + Level 0.8 Unarmed Combat
 + Level 5.0 Spellcasting
 + Level 0.5 Conjurations
 + Level 5.4 Hexes
 + Level 0.5 Summonings
 + Level 0.5 Necromancy
 + Level 0.5 Translocations
 + Level 0.5 Transmutations
 + Level 0.5 Fire Magic
 + Level 0.5 Ice Magic
 + Level 0.5 Air Magic
 + Level 0.5 Earth Magic
 + Level 0.5 Poison Magic
 + Level 1.0 Invocations
 + Level 0.8 Evocations


You had 11 spell levels left.
You knew the following spells:

 Your Spells              Type           Power        Failure   Level
a - Corona                Hex            ###....      1%          1

Your spell library contained the following spells:

 Spells                   Type           Power        Failure   Level
 Confusing Touch          Hex            ###.....     4%          3
 Tukima's Dance           Hex            ###.....     4%          3
 Ensorcelled Hibernation  Hex/Ice        ###...       6%          2
 Dazzling Flash           Conj/Hex       ###...       12%         3


Dungeon Overview and Level Annotations

Branches:
Dungeon (2/15)

Altars:


Innate Abilities, Weirdness & Mutations

Your experience applies equally to all skills.
You have very sharp teeth.
Your uncanny sense of smell can sniff out nearby items.


Message History

Found 10 gold pieces.
The giant cockroach barely misses you.
The adder hisses angrily.
You hit the giant cockroach but do no damage.
You bite the giant cockroach, but do no damage.
The giant cockroach misses you.
You hit the giant cockroach but do no damage.
The giant cockroach barely misses you.
You hit the giant cockroach.
You kill the giant cockroach!
Your Invocations skill increases to level 1!
The adder bites you. The adder misses you.
You miss the adder. You bite the adder, but do no damage. The adder bites you.
You are poisoned.
The adder poisons you!
You closely miss the adder.
You feel sick. The adder completely misses you.
You closely miss the adder. The adder closely misses you.
You hit the adder but do no damage. Your bite misses the adder.
The adder completely misses you.
You hit the adder.
You feel sick. The adder barely misses you.
You hit the adder. The adder barely misses you.
You hit the adder but do no damage. The adder bites you. x2
* * * LOW HITPOINT WARNING * * *
You are more poisoned.
The adder poisons you!
You hit the adder. Your bite misses the adder.
You feel sick. The adder barely misses you.
You closely miss the adder. You bite the adder, but do no damage.
The adder bites you.
* * * LOW HITPOINT WARNING * * *
You are lethally poisoned!
The adder poisons you!
It was a potion of attraction.
You feel attractive to monsters.
* * * LOW HITPOINT WARNING * * *
You feel sick. The adder barely misses you.
It was a potion of flight.
You feel very buoyant.
You fly up into the air.
* * * LOW HITPOINT WARNING * * *
You feel sick. The adder closely misses you. The adder bites you.
* * * LOW HITPOINT WARNING * * *
It was a potion of resistance.
You feel protected.
* * * LOW HITPOINT WARNING * * *
You feel sick. The adder barely misses you.
You hit the adder.
* * * LOW HITPOINT WARNING * * *
You feel sick. The adder bites you.
You die...

♣♣♣ ##.## #.# ....# #.#
#...# #)# #...# #.#
#...#### ######.#
#....... ##...†.#
#######...#####
##.#.#####......@S......
.....# #...............
##.#.# #...............
##.#.# #.#####......$..
##.#.# #.# #.....####
#.#.# #.# #.....#
#.#.####.# #.....#
#.#......# #.....#
.######## .....##


You could see an adder.

Vanquished Creatures
  A dart slug (D:1)
  6 bats (D:1)
  4 giant cockroaches
  A goblin (D:1)
  4 hobgoblins (D:1)
  7 jackals (D:1)
  2 kobolds (D:1)
  A ball python (D:1)
  4 frilled lizards (D:1)
  A rat (D:2)
31 creatures vanquished.

Notes
Turn   | Place    | Note
-------+----------+-------------------------------------------
     0 | D:1      | vurker the Gnoll Enchanter began the quest for the Orb.
     0 | D:1      | Reached XP level 1. HP: 13/13 MP: 6/6
    51 | D:1      | Reached XP level 2. HP: 18/19 MP: 7/7
   770 | D:1      | Reached XP level 3. HP: 20/25 MP: 9/9
   775 | D:1      | Reached skill level 5 in Spellcasting
   947 | D:1      | Reached skill level 6 in Stealth
  1217 | D:2      | Reached skill level 1 in Invocations
  1231 | D:2      | Slain by an adder

Illustrated notes

Levels and vault maps discovered:
D:1:      tarquinn_simple_flora_water_f, layout_loops_ring
D:2:      layout_loops_cross, lemuel_crystal_altar, serial_forest,
          infiniplex_forest_lined_2, infiniplex_forest_lined_2,
          infiniplex_forest_lined_2, infiniplex_forest_end_2,
          infiniplex_forest_end_1, infiniplex_forest_clump_double,
          infiniplex_forest_lined_corner

Skill      XL: |  1  2  3 |
---------------+----------+-----
Spellcasting   | 5 |  5.0
Stealth        | 6 |  6.0
Invocations    | 1 |  1.0
Fighting       | |  0.8
Short Blades   | |  2.6
Long Blades    | |  0.8
Axes           | |  0.8
Maces & Flails | |  0.8
Polearms       | |  0.8
Staves         | |  0.8
Slings         | |  0.8
Bows           | |  0.8
Crossbows      | |  0.8
Throwing       | |  0.8
Armour         | |  0.8
Dodging        | |  4.5
Shields        | |  0.8
Unarmed Combat | |  0.8
Conjurations   | |  0.5
Hexes          | |  5.4
Summonings     | |  0.5
Necromancy     | |  0.5
Translocations | |  0.5
Transmutations | |  0.5
Fire Magic     | |  0.5
Ice Magic      | |  0.5
Air Magic      | |  0.5
Earth Magic    | |  0.5
Poison Magic   | |  0.5
Evocations     | |  0.8

Action                   || total
-------------------------++-------
Melee: Dagger            ||   138
       Bite              ||    12
  Use: Potion            ||     3
 Stab: Sleeping          ||     8
Armor: Robe              ||    23
Dodge: Dodged            ||   106

Table legend: (Time is in decaauts)
 A = Elapsed time spent in this place.
 B = Non-inter-level travel time spent in this place.
 C = Inter-level travel time spent in this place.
 D = Time resting spent in this place.
 E = Time spent auto-exploring this place.
 F = Levels seen in this place.
 G = Mean time per level.
                   A        B        C        D        E       F      G
               +--------+--------+--------+--------+--------+-----+--------+
         Total |   1212 |   1193 |     19 |      0 |    951 |   2 |  606.0 |
       Dungeon |   1212 |   1193 |     19 |      0 |    951 |   2 |  606.0 |
               +--------+--------+--------+--------+--------+-----+--------+

Top non-repeatable levels by time:
     D:1: 1165 daAuts
     D:2: 47 daAuts
